 Dungeon Crawl Stone Soup version 0.22-a0-136-g83a10e5 (webtiles) character file.

61 Lathuz the Firebug (level 3, -1/19 HPs)
             Began as a Deep Elf Fire Elementalist on Feb 3, 2018.
             Slain by ThereIsNoGod's ghost (14 damage)
             ... on level 3 of the Dungeon.
             The game lasted 00:03:38 (2765 turns).

Lathuz the Firebug (Deep Elf Fire Elementalist)     Turns: 2765, Time: 00:03:39

Health: -1/19      AC:  2    Str:  5    XL:     3   Next: 83%
Magic:  8/10       EV: 13    Int: 20    God:
Gold:   63         SH:  0    Dex: 15    Spells: 3/9 levels left

rFire    . . .     SeeInvis .   g - +2 dagger (holy)
rCold    . . .     Gourm    .   (no shield)
rNeg     . . .     Faith    .   a - +0 robe
rPois    .         Spirit   .   (no helmet)
rElec    .         Reflect  .   (no cloak)
rCorr    .         Harm     .   (no gloves)
MR       .....                  (no boots)
Stlth    ++........             (no amulet)
HPRegen  0.06/turn              (no ring)
MPRegen  0.12/turn              (no ring)

@: no status effects
A: no striking features
a: no special abilities


You were on level 3 of the Dungeon.
You were not hungry.

You visited 1 branch of the dungeon, and saw 3 of its levels.

You collected 63 gold pieces.

Inventory:

Hand Weapons
 g - a +2 dagger of holy wrath (weapon)
Missiles
 f - 42 stones
 m - 2 javelins (quivered)
Armour
 a - a +0 robe (worn)
Jewellery
 o - a +1 ring of evasion {unknown}
Scrolls
 d - 2 scrolls of identify {unknown}
 e - a scroll of enchant weapon {unknown}
 i - a scroll of teleportation {unknown}
 j - a scroll of blinking {unknown}
 l - 2 scrolls of remove curse {unknown}
Potions
 h - 3 potions of mutation {unknown}
 k - a potion of curing {unknown}
 n - 2 potions of heal wounds {unknown}
 p - a potion of lignification {unknown}
Books
 b - a book of Flames

   Spells                             Type                      Level
   a - Flame Tongue                   Conjuration/Fire             1
   b - Throw Flame                    Conjuration/Fire             2
   c - Conjure Flame                  Conjuration/Fire             3
   d - Inner Flame                    Hexes/Fire                   3
   e - Sticky Flame                   Conjuration/Fire             4
   f - Fireball                       Conjuration/Fire             5
Comestibles
 c - 4 rations


   Skills:
 - Level 2.4 Dodging
 - Level 2.4 Stealth
 + Level 3.8 Spellcasting
 * Level 3.0 Conjurations
 + Level 3.8 Fire Magic


You had 3 spell levels left.
You knew the following spells:

 Your Spells              Type           Power        Failure   Level  Hunger
a - Flame Tongue          Conj/Fire      ###..        3%          1    None
b - Throw Flame           Conj/Fire      ###...       4%          2    ##.....
c - Conjure Flame         Conj/Fire      ###.....     10%         3    ###....


Dungeon Overview and Level Annotations

Branches:
Dungeon (3/15)

Altars:
Cheibriados

Annotations:
D:3 Robin; ThereIsNoGod's ghost, amateur TrMo


Message History

You kill the goblin!
The adder hisses angrily.
The hobgoblin shouts!
The goblin shouts! x2
You hear a shout! x2
The goblin unwields an uncursed dagger.
The goblin wields a hunting sling.
The goblin shoots a stone.
The stone hits you. ThereIsNoGod's ghost barely misses you.
Robin of the Strong Arm comes into view.
She is wielding a spear.
Robin shouts!
Casting: Flame Tongue (safe; 3% risk of failure)
Confirm with . or Enter, or press ? or * to list all spells.
Aiming: Flame Tongue (safe; 3% risk of failure)
Press: ? - help, Shift-Dir - straight line, f - ThereIsNoGod's ghost
Aim: ThereIsNoGod's ghost The flame tongue hits ThereIsNoGod's ghost.
ThereIsNoGod's ghost is lightly damaged.
You hear a shout!
The goblin shoots a stone.
The stone hits you but does no damage. ThereIsNoGod's ghost hits you!
Ouch! That really hurt!
You die...

###.###
#..?..######
##........... #
............ .
#.#...........
#..##.#...........
.#.........$......
#......<<.W.......
...##....)@....S..
######....r...
#........
.........
#.......#
#.g...gw#
#........
....gg..#


You could see a worm, Robin, ThereIsNoGod's ghost, an adder, a quokka, a
hobgoblin and 2 goblins.

Vanquished Creatures
  3 adders (D:2)
  2 dart slugs (D:1)
  3 bats (D:2)
  A giant cockroach (D:2)
  4 hobgoblins
  6 jackals (D:2)
  A quokka (D:2)
  A ball python (D:1)
  3 goblins
  2 kobolds (D:1)
  3 rats
29 creatures vanquished.

Notes
Turn   | Place    | Note
-------+----------+-------------------------------------------
     0 | D:1      | Lathuz the Deep Elf Fire Elementalist began the quest for the Orb.
     0 | D:1      | Reached XP level 1. HP: 10/10 MP: 6/6
   746 | D:1      | Reached XP level 2. HP: 15/15 MP: 8/8
   751 | D:1      | Learned a level 2 spell: Throw Flame
  1049 | D:2      | Reached XP level 3. HP: 19/19 MP: 5/10
  1382 | D:2      | Found a snail-covered altar of Cheibriados.
  2268 | D:3      | Noticed ThereIsNoGod's ghost (amateur TrMo)
  2304 | D:2      | Learned a level 3 spell: Conjure Flame
  2764 | D:3      | Noticed Robin
  2765 | D:3      | Slain by ThereIsNoGod's ghost

Vault maps used:
D:1:      roderic_crop_circles_arrival_large
D:2:      glass_columns_a, cheibriados_altar_1
D:3:      lemuel_castle_with_subvaults, lemuel_doored_altar, minmay_box_of_dots,
          uniq_robin

Skill      XL: |  1  2  3 |
---------------+----------+-----
Conjurations   | 2 3 |  3.0
Dodging        | |  2.4
Stealth        | |  2.4
Spellcasting   | |  3.8
Fire Magic     | |  3.8

Action                   || total
-------------------------++-------
Melee: Dagger            ||     3
Throw: Javelin           ||    18
       Stone             ||     5
 Cast: Flame Tongue      ||    33
       Throw Flame       ||    10
  Eat: Chunk             ||     2
       Ration            ||     1
Armor: Robe              ||     5
Dodge: Dodged            ||    22

Table legend:
 A = Spawn XP
 B = Non-spawn XP
 C = Spawn XP percentage of total XP
 D = Spawn monster count
 E = Non-spawn monster count
 F = Spawn count percentage of total count
 G = Total turns spent on level
                    A         B        C        D         E        F      G
               +---------+---------+-------+---------+---------+-------+---------
         Total |       0 |      88 |   0.0 |       0 |      29 |   0.0 |  2765
               +---------+---------+-------+---------+---------+-------+---------
           D:1 |       0 |      16 |   0.0 |       0 |       9 |   0.0 |   961
           D:2 |       0 |      70 |   0.0 |       0 |      19 |   0.0 |  1793
           D:3 |       0 |       2 |   0.0 |       0 |       1 |   0.0 |    11
               +---------+---------+-------+---------+---------+-------+---------
